 Dungeon Crawl Stone Soup version 0.29.0-5-ge4962eb29e (webtiles) character file.

Game seed: 4612468669054492393

87 blackman the Covered (level 4, -3/32 HPs)
             Began as a Human Wanderer on Aug 30, 2022.
             Was a Believer of Lugonu.
             Engulfed by a cloud of flame (20 damage)
             ... on level 3 of the Dungeon.
             The game lasted 00:06:39 (2454 turns).

blackman the Covered (Human Wanderer)               Turns: 2454, Time: 00:06:39

Health: -3/32      AC:  7    Str: 14    XL:     4   Next: 80%
Magic:  4/4        EV:  9    Int: 10    God:    Lugonu [**....]
Gold:   102        SH:  0    Dex: 15    Spells: 3/3 levels left

rFire   . . .      SeeInvis .   e - +1 short sword (elec)
rCold   + . .      Faith    .   (no shield)
rNeg    + . .      Spirit   .   c - +0 scale mail
rPois   .          Reflect  .   (no helmet)
rElec   .          Harm     .   (no cloak)
rCorr   .          Rampage  .   (no gloves)
Will    .....                   (no boots)
Stlth   ..........              (no amulet)
HPRegen 0.10/turn               f - ring of protection from cold
MPRegen 0.09/turn               g - ring of positive energy

@: no status effects
A: no striking features
a: Renounce Religion, Depart the Abyss, Bend Space


You were on level 3 of the Dungeon.
You worshipped Lugonu.
Lugonu was pleased with you.
You visited 1 branch of the dungeon, and saw 3 of its levels.

You collected 102 gold pieces.

Inventory:

Hand Weapons
 a - a +0 long sword
 b - a +0 sling
 e - a +1 short sword of electrocution (weapon)
Missiles
 l - 11 poisoned darts (quivered)
 n - 3 silver boomerangs
 t - 4 javelins
Armour
 c - a +0 scale mail (worn)
Jewellery
 f - a ring of protection from cold (left hand)
 g - a ring of positive energy (right hand)
 i - a ring of fire
Scrolls
 d - 2 scrolls of silence
 j - a scroll of amnesia {unknown}
 k - a scroll of blinking
 m - 3 scrolls of identify {unknown}
 r - a scroll of summoning {unknown}
 s - a scroll of magic mapping {unknown}
 w - a scroll of noise {unknown}
 x - a scroll of enchant weapon {unknown}
Potions
 h - 2 potions of heal wounds {unknown}
 p - 2 potions of brilliance {unknown}
 q - a potion of degeneration {unknown}
 u - a potion of flight {unknown}
 v - a potion of cancellation {unknown}


   Skills:
 - Level 1.0 Fighting
 + Level 4.6 Long Blades
 - Level 1.0 Ranged Weapons
 - Level 5.0 Armour
 - Level 1.0 Dodging


You had 3 spell levels left.
You didn't know any spells.
Your spell library contained the following spells:

 Spells                   Type           Power      Damage    Failure   Level
 Hailstorm                Conj/Ice       0%         3d3       100%        4
 Ice Form                 Ice/Tmut       0%         N/A       100%        4
 Simulacrum               Ice/Necr       0%         N/A       100%        6


Dungeon Overview and Level Annotations

Branches:
Dungeon (3/15)

Altars:
Nemelex Xobeh
Lugonu


Message History

There are monsters nearby!
There are monsters nearby!
There are monsters nearby!
There are monsters nearby!
There are monsters nearby!
There are monsters nearby!
There are monsters nearby!
There are monsters nearby!
Okay, then.
A goblin comes into view. It is wielding a +0 dagger.
There are monsters nearby!
Okay, then.
Okay, then.
The goblin attacks as you move away! The goblin hits you but does no damage.
You barely miss the goblin. The goblin barely misses you.
You hit the goblin.
The goblin is moderately wounded.
The goblin barely misses you.
As you read the scroll of immolation, it crumbles to dust.
The creatures around you are filled with an inner flame!
The goblin hits you but does no damage.
You hit the goblin. Lightning courses through the goblin!
Lugonu accepts your kill.
The goblin explodes!
The fiery explosion engulfs the goblin!!
Lugonu accepts your kill. The fiery explosion engulfs you!
The goblin explodes!
The fiery explosion engulfs the goblin!!!
Lugonu accepts your kill.
The goblin explodes!
The fiery explosion engulfs the ogre!!!
Lugonu accepts your kill.
The ogre explodes!
The fiery explosion engulfs the goblin!!!
Lugonu accepts your kill.
The goblin explodes!
You are engulfed in blazing flames.
Ouch! That really hurt!
You die...

#.# #.# ####.#####.####
#. #.............#
#(##.#..#####.##.#
#.#.#..# #.##.# #..#.>#
#.##.#####.# ##....#
##..........#
#..#§#####...........#
#.#.§§§§§§@.###.####.##
#. ###§####### #.# #
#.# #.# #g### ###.#
#...# #<..# ###.# #####
#g'.g.# ###gOg# ####


There were no monsters in sight!

Vanquished Creatures
  An ogre (D:3)
  2 adders (D:2)
  2 dart slugs (D:1)
  6 endoplasms
  A giant cockroach (D:1)
  12 goblins
  5 hobgoblins
  9 jackals
  9 kobolds
  A quokka (D:1)
  4 ball pythons
  5 bats
  3 frilled lizards (D:1)
  2 rats
62 creatures vanquished.

Notes
Turn   | Place    | Note
-------+----------+-------------------------------------------
     0 | D:1      | blackman the Human Wanderer began the quest for the Orb.
     0 | D:1      | blackman set off with the following items: a +0 long sword,
                  | a +0 sling, a +0 scale mail, a scroll of silence.
     0 | D:1      | Reached XP level 1. HP: 15/15 MP: 1/1
   171 | D:1      | Reached XP level 2. HP: 21/21 MP: 2/2
   412 | D:1      | Reached XP level 3. HP: 25/26 MP: 3/3
  1648 | D:2      | Found a faded altar of an unknown god.
  1687 | D:2      | Prayed at the altar of an unknown god.
  1687 | D:2      | Became a worshipper of Lugonu the Unformed
  1687 | D:2      | Reached * piety under Lugonu
  1687 | D:2      | Reached ** piety under Lugonu
  1757 | D:2      | Reached XP level 4. HP: 31/32 MP: 4/4
  2095 | D:2      | Found a sparkling altar of Nemelex Xobeh.
  2441 | D:3      | Noticed an ogre
  2454 | D:3      | Killed an ogre
  2454 | D:3      | Engulfed by a cloud of flame

Illustrated notes

Levels and vault maps discovered:
D:1:      eino_arrival_water_star, layout_basic, minmay_bisected
D:2:      layout_basic, basic_altar, hellmonk_ecumenical_altar_blasted
D:3:      layout_loops_ring, serial_shops, shop, kennysheep_minor_cross,
          st_stairs_7, minmay_ogre_servants, uniq_sigmund

Skill      XL: |  1  2  3 |
---------------+----------+-----
Long Blades    | 3 4 |  4.6
Fighting       | |  1.0
Ranged Weapons | |  1.0
Armour         | |  5.0
Dodging        | |  1.0

Action                   |  1- 3 |  4- 6 || total
-------------------------+-------+-------++-------
Melee: Long sword        |    10 |       ||    10
       Short sword       |   119 |    63 ||   182
       Punch             |     1 |       ||     1
  Use: Scroll            |       |     2 ||     2
Armor: Scale mail        |    74 |    40 ||   114
Dodge: Dodged            |    58 |    27 ||    85
